 Dungeon Crawl Stone Soup version 0.31.0-11-ge490571c62 (webtiles) character file.

Game seed: 1769688381250212662

3427 Flugkiller the Fighter (level 9, -10/85 HPs)
             Began as a Minotaur Fighter on Jan 28, 2024.
             Was a Believer of Cheibriados.
             Mangled by an orc knight
             ... wielding a +0 war axe
              (13 damage)
             ... in a bailey.
             The game lasted 00:02:58 (6263 turns).

Flugkiller the Fighter (Minotaur Fighter)           Turns: 6263, Time: 00:02:59

Health: -10/85     AC: 14    Str: 29    XL:     9   Next: 76%
Magic:  9/9        EV:  7    Int: 10    God:    Cheibriados [**....]
Gold:   368        SH: 11    Dex: 16    Spells: 8/8 levels left

rFire   + . .        a - +0 war axe
rCold   . . .        c - +0 buckler
rNeg    . . .        q - +0 plate armour
rPois   .            (helmet restricted)
rElec   .            (no cloak)
rCorr   .            (no gloves)
SInv    +            m - +0 pair of boots
Will    .....        p - amulet of reflection Stlth
                     i - ring of see invisible
HPRegen 0.34/turn    f - ring of protection from fire
MPRegen 0.11/turn

%: reflection
@: about to teleport, very slow
A: horns 2, retaliatory headbutt
a: Renounce Religion, Bend Time


You were in a bailey.
You worshipped Cheibriados.
Cheibriados was pleased with you.
You visited 2 branches of the dungeon, and saw 8 of its levels.
You also visited: Bailey.

You collected 368 gold pieces.

Inventory:

Hand Weapons
 a - a +0 war axe (weapon)
Missiles
 g - a throwing net (quivered)
Armour
 b - a +0 scale mail
 c - a +0 buckler (worn)
 m - a +0 pair of boots (worn)
   (You found it on level 4 of the Dungeon)
 q - a +0 plate armour (worn)
   (You found it on level 4 of the Dungeon)
Jewellery
 f - a ring of protection from fire (right hand)
   (You found it on level 4 of the Dungeon)
 i - a ring of see invisible (left hand)
   (You found it on level 3 of the Dungeon)
 p - an amulet of reflection (around neck)
   (You found it on level 4 of the Dungeon)
 r - an amulet of regeneration
   (You found it on level 5 of the Dungeon)
 u - a ring of fire
   (You found it on level 5 of the Dungeon)
Wands
 s - a wand of roots (8)
   (You found it on level 5 of the Dungeon)
Scrolls
 e - 2 scrolls of revelation {unknown}
 h - 8 scrolls of identify {unknown}
 j - 2 scrolls of fog {unknown}
 k - a scroll of silence {unknown}
 l - 2 scrolls of noise {unknown}
 n - a scroll of immolation {unknown}
 o - 2 scrolls of fear {unknown}
 t - 2 scrolls of teleportation
Potions
 d - a potion of might
 v - a potion of ambrosia
 w - a potion of enlightenment {unknown}
 x - a potion of attraction {unknown}
 z - a potion of magic {unknown}
 A - a potion of haste {unknown}
 B - a potion of invisibility {unknown}
 C - a potion of mutation {unknown}
 D - a potion of brilliance {unknown}


   Skills:
 * Level 10.2 Fighting
 * Level 9.9 Axes
 + Level 7.5 Armour
 + Level 7.6 Shields
 + Level 2.2 Invocations


You had 8 spell levels left.
You didn't know any spells.
Your spell library contained the following spells:

 Spells                   Type           Power      Damage    Failure   Level
 Ensorcelled Hibernation  Hex/Ice        0%         N/A       99%         2
 Frozen Ramparts          Ice            0%         1d1       100%        3
 Passwall                 Erth           0%         N/A       100%        3
 Swiftness                Air            0%         N/A       100%        3
 Tukima's Dance           Hex            0%         N/A       100%        3
 Volatile Blastmotes      Fire/Tloc      0%         2d10      100%        3
 Dimensional Bullseye     Hex/Tloc       0%         N/A       100%        4
 Flame Wave               Conj/Fire      0%         2d4       100%        4
 Iskenderun's Mystic Bla  Conj/Tloc      0%         2d3       100%        4
 Sticky Flame             Fire/Alch      0%         2d4       100%        4


Dungeon Overview and Level Annotations

Branches:
Dungeon (7/15)             Temple (1/1) D:6          Bailey (1/1)

Altars:
Ashenzari
Cheibriados
Dithmenos
Elyvilon
Fedhas
Gozag
Hepliaklqana
Kikubaaqudgha
Makhleb
Okawaru
Qazlal
Ru
Trog
Uskayaw
Vehumet
Wu Jian
Xom
Yredelemnul
Zin
The Shining One

Shops:
D:3 =   D:7 !


Innate Abilities, Weirdness & Mutations

You have a pair of horns on your head.
You reflexively headbutt those who attack you in melee.


Message History

Items here: ))))) [[[[[ ††.
z - a brown potion No target in view!
A - a purple potion No target in view!
o - 2 scrolls labelled INABBY NUDUCYT (gained 1)
l - 3 scrolls labelled BAUSETHUMY (gained 1)
There is a gate leading back out of this place here.
B - a green potion No target in view!
C - a puce potion
j - 2 scrolls labelled PEYS XEAMAEXAO (gained 1)
D - a fizzy orange potion You open the door. 3 goblins come into view.
The goblin shouts! x3
A gnoll comes into view. It is wielding a +0 hand axe. x2
An orc knight comes into view. It is wielding a +0 war axe.
There are monsters nearby!
The gnoll shouts!
The orc knight shouts!
The gnoll shouts!
You hear a shout!
A goblin comes into view. It is wielding a +0 hand axe.
An orc warrior comes into view. It is wielding a +0 war axe.
There is an open door here.
The gnoll barely misses you. You furiously retaliate!
You headbutt the gnoll!
You kill the gnoll!
Cheibriados appreciates the change of pace.
It was a potion of ambrosia.
You are confused.
You feel invigorated. The goblin hits you with a +0 hand axe.
Unknown command.
The orc knight roars a battlecry!
You hear a shout!
The goblin hits you but does no damage. The goblin hits you but does no damage.
The goblin barely misses you.
The orc knight hits you with a +0 war axe!
You feel less invigorated.
You feel less confused. You block the goblin's attack.
You block the orc knight's attack.
You slash the orc knight!
You headbutt the orc knight, but do no damage.
The orc knight is lightly wounded.
You barely miss the goblin. You closely miss the goblin.
The goblin hits you but does no damage. You block the orc knight's attack.
The goblin hits you with a +0 hand axe.
You slash the orc knight! You headbutt the orc knight!
The orc knight is heavily wounded.
You closely miss the goblin. You hit the goblin but do no damage.
The goblin hits you but does no damage. You block the orc knight's attack.
You block the goblin's attack.
You hit the orc knight but do no damage.
Your headbutt misses the orc knight.
The orc knight is heavily wounded.
You hit the goblin.
You kill the goblin!
Cheibriados appreciates the change of pace.
You slash the goblin!
You kill the goblin!
Cheibriados appreciates the change of pace.
Cheibriados raises the support of your attributes as your movement slows.
The orc knight hits you with a +0 war axe!
You slash the orc knight!
The orc knight is severely wounded.
You hit the goblin.
You kill the goblin!
Cheibriados appreciates the change of pace.
You closely miss the orc knight.
The orc knight is severely wounded.
You miss the orc warrior.
The orc warrior hits you with a +0 war axe!
The orc knight barely misses you.
You barely miss the orc knight.
The orc knight is severely wounded.
You slash the goblin!
You kill the goblin!
Cheibriados appreciates the change of pace.
You closely miss the orc warrior. You block the orc warrior's attack.
You block the orc knight's attack.
You hit the orc knight.
The orc knight is severely wounded.
You barely miss the orc warrior.
The orc warrior hits you with a +0 war axe!
The orc knight hits you with a +0 war axe!
You slash the orc knight!
The orc knight is almost dead.
You hit the orc warrior.
The orc warrior no longer looks unusually strong.
The orc warrior hits you with a +0 war axe!
The orc knight hits you with a +0 war axe!
* * * LOW HITPOINT WARNING * * *
The orc warrior hits you with a +0 war axe!
* * * LOW HITPOINT WARNING * * *
You are too injured to fight recklessly!
Okay, then.
Okay, then.
As you read the scroll labelled BAUSETHUMY, it crumbles to dust.
You feel strangely unstable.
It was a scroll of teleportation.
t - 2 scrolls of teleportation;
l - 2 scrolls labelled DUBLOKLISE The orc knight hits you with a +0 war axe!
You die...

####### ##..∩..##
#.......# ##.......##
#.........#
##)........## #####
#@o...⌠.....######
#..g.g##o.......)##.....
.....go)g.......)'......
..o..gg##.......##......
......g #.......#.......
....... ##88.88##.......
...⌠... ###+###.....⌠..
....... ##.......
....... #.......


You could see an orc knight, an orc warrior and a gnoll.

Vanquished Creatures
  Pikel (D:5)
  Sigmund (D:4)
  Menkaure (D:6)
  2 ice beasts (D:6)
  A sky beast (D:6)
  A black bear (D:6)
  8 orc warriors
  2 centaurs (D:6)
  6 phantoms
  A lemure (D:5)
  A bullfrog (D:5)
  A scorpion (D:4)
  4 wights (D:7)
  5 hounds
  2 jellies
  An orc priest (D:5)
  A gnoll bouda (D:4)
  Jessica (D:2)
  An iguana (D:5)
  An orc wizard (D:5)
  10 gnolls
  5 adders
  A shadow imp (D:5)
  3 white imps
  2 ufetubi (D:6)
  4 dart slugs
  26 orcs
  8 endoplasms
  5 giant cockroaches
  22 goblins
  14 hobgoblins
  8 jackals
  5 kobolds
  3 quokkas
  4 bats (D:3)
  4 frilled lizards
  2 rats (D:2)
168 creatures vanquished.

Notes
Turn   | Place    | Note
-------+----------+-------------------------------------------
     0 | D:1      | Flugkiller the Minotaur Fighter began the quest for the
                  | Orb.
     0 | D:1      | Reached XP level 1. HP: 19/19 MP: 0/0
    95 | D:1      | You fall into a shaft and drop 1 floor!
   125 | D:2      | Noticed Jessica
   129 | D:2      | Killed Jessica
   130 | D:2      | Reached skill level 4 in Fighting
   130 | D:2      | Reached XP level 2. HP: 21/27 MP: 1/1
   130 | D:2      | Reached XP level 3. HP: 25/33 MP: 2/2
  1017 | D:1      | Reached XP level 4. HP: 41/41 MP: 3/3
  1115 | D:1      | Found a faded altar of an unknown god.
  1467 | D:3      | Found Qyblum's Jewellery Shop.
  2050 | D:4      | Noticed a phantom
  2053 | D:4      | Noticed a scorpion
  2061 | D:4      | Killed a phantom
  2062 | D:4      | Reached skill level 5 in Fighting
  2062 | D:4      | Reached XP level 5. HP: 35/48 MP: 4/4
  2535 | D:4      | Noticed an orc warrior
  2546 | D:4      | Killed an orc warrior
  2547 | D:4      | Reached skill level 5 in Axes
  2547 | D:4      | Reached XP level 6. HP: 22/57 MP: 5/5
  2780 | D:4      | Noticed Sigmund
  2796 | D:4      | Killed Sigmund
  2797 | D:4      | Reached skill level 6 in Fighting
  2797 | D:4      | Reached skill level 5 in Shields
  2797 | D:4      | Reached XP level 7. HP: 49/63 MP: 6/6
  3180 | D:5      | Entered Level 5 of the Dungeon
  3196 | D:5      | Reached skill level 5 in Armour
  3786 | D:5      | Reached skill level 7 in Fighting
  3966 | D:5      | Reached XP level 8. HP: 67/73 MP: 7/7
  4254 | D:5      | Found an ancient bone altar of Kikubaaqudgha.
  4254 | D:5      | Found a glowing golden altar of the Shining One.
  4528 | D:6      | Noticed Pikel
  4547 | D:5      | Killed Pikel
  4548 | D:5      | Reached skill level 8 in Fighting
  4808 | D:6      | Noticed Menkaure
  4818 | D:6      | Killed Menkaure
  5064 | D:6      | Reached skill level 9 in Fighting
  5064 | D:6      | Reached XP level 9. HP: 83/83 MP: 8/8
  5118 | D:6      | Found a staircase to the Ecumenical Temple.
  5132 | Temple   | Entered the Ecumenical Temple
  5205 | Temple   | Became a worshipper of Cheibriados the Contemplative
  5445 | D:6      | Noticed a +0 spear
  5445 | D:6      | Noticed a +0 short sword
  5446 | D:6      | Noticed a +0 spear
  5469 | D:6      | Noticed a +0 dagger
  5471 | D:6      | Noticed a +0 falchion
  5471 | D:6      | Noticed a +0 dagger
  5472 | D:6      | Noticed a +0 short sword
  5473 | D:6      | Noticed a +0 falchion
  5645 | D:6      | Found a hide-covered altar of Uskayaw.
  5770 | D:7      | Reached skill level 1 in Invocations
  5897 | D:7      | Found Jixiluus's Distillery.
  5951 | D:7      | Got Sif Muna's Compilation of Gelid Flames
  5963 | D:7      | Found a flagged portal.
  5968 | D:7      | Reached * piety under Cheibriados
  5975 | Bailey   | Entered a bailey
  6095 | Bailey   | Reached skill level 10 in Fighting
  6100 | Bailey   | Reached ** piety under Cheibriados
  6244 | Bailey   | Noticed an orc knight
  6262 | Bailey   | HP: 2/85 [orc warrior/+0 war axe (12)]
  6263 | Bailey   | Mangled by an orc knight

Illustrated notes

Levels and vault maps discovered:
D:1:      minmay_arrival_open_corners, layout_basic,
          dilly_ecumenical_altar_fadedgnrine
D:2:      layout_rooms, kennysheep_minor_cross, uniq_jessica
D:3:      layout_basic, serial_shops, nicolae_shop_gaudy_bauble,
          nicolae_the_louvre
D:4:      layout_loops_ring, uniq_sigmund
D:5:      layout_loops_ring, amethyst_overflow_temple_binary, grunt_ministairs_9
D:6:      layout_rooms, nicolae_uskayaw_en_pointe,
          minmay_temple_entry_statues_pillars, uniq_pikel, uniq_menkaure
D:7:      layout_basic, enter_bailey_5, serial_shops, shop
Temple:   minmay_temple_bridge_d
Bailey:   bailey_axe_minmay_hex_keep, bailey

Skill      XL: |  1  2  3  4  5  6  7  8  9 |
---------------+----------------------------+-----
Fighting       | 4 5 6 7 9 10 | 10.2
Axes           | 3 4 5 7 8 9 |  9.9
Armour         | 4 5 6 7 |  7.5
Shields        | 4 5 6 7 |  7.6
Invocations    | 2 |  2.2

Action                     |  1- 3 |  4- 6 |  7- 9 || total
---------------------------+-------+-------+-------++-------
  Melee: War axe           |    50 |    96 |   287 ||   433
         Headbutt          |     7 |    11 |    56 ||    74
    Use: Potion            |       |     2 |     1 ||     3
         Scroll            |       |       |     1 ||     1
 Armour: Scale mail        |    35 |    81 |       ||   116
         Plate armour      |       |       |   215 ||   215
  Dodge: Dodged            |    27 |    42 |    86 ||   155
  Block: Buckler           |     7 |    27 |   172 ||   206
         Reflection        |       |       |     5 ||     5
